[Event "Hungarian Rapid-ch 2022"]
[Site "Ajka"]
[Date "2022.07.16"]
[Round "5.11"]
[White "Mihok, Oliver"]
[Black "Kokeny, Gabor"]
[Result "1-0"]
[ECO "A06"]
[WhiteElo "2549"]
[BlackElo "2204"]
[Annotator "ChessBase"]
[PlyCount "57"]
[EventDate "2022.07.15"]
[EventType "swiss"]
[EventCountry "HUN"]
[SourceTitle "playchess.com"]
[Source "ChessBase"]
[SourceQuality "1"]
[TimeControl "900+10"]

1. Nf3 d5 2. b3 Nf6 3. Bb2 c5 4. e3 e6 5. c4 Nc6 6. cxd5 exd5 7. Bb5 Bd7 8. O-O Be7 9. d4 cxd4 10. Nxd4 O-O 11. Nc3 Ne5 12. Be2 Rc8 13. h3 a6 14. Nf3 Nxf3+ 15. Bxf3 Bc6 16. Qd4 Qa5 17. a3 Bc5 18. Qh4 Qb6 19. b4 d4 20. Nd1 Be7 21. Bxd4 Qd8 22. Bxc6 Rxc6 23. Qg3 Qc8 24. Nb2 Qf5 25. Rfd1 h5 26. Nd3 h4 27. Qxh4 Nd5 28. Qg4 Qxg4 29. hxg4 1-0

[Event "Hungarian Rapid-ch 2022"]
[Site "Ajka"]
[Date "2022.07.16"]
[Round "5.12"]
[White "Miszler, Levente"]
[Black "Bagi, Mate"]
[Result "1/2-1/2"]
[ECO "A05"]
[WhiteElo "2243"]
[BlackElo "2460"]
[Annotator "ChessBase"]
[PlyCount "80"]
[EventDate "2022.07.15"]
[EventType "swiss"]
[EventCountry "HUN"]
[SourceTitle "playchess.com"]
[Source "ChessBase"]
[SourceQuality "1"]
[TimeControl "900+10"]

1. Nf3 Nf6 2. c4 b6 3. g3 Bb7 4. Bg2 g6 5. O-O Bg7 6. d4 O-O 7. Nc3 Ne4 8. Qc2 Nxc3 9. Qxc3 c5 10. Be3 Nc6 11. Qd2 Nxd4 12. Nxd4 Bxg2 13. Kxg2 cxd4 14. Bxd4 Qc7 15. Bxg7 Kxg7 16. Qd4+ Kg8 17. Rfd1 d6 18. Rac1 Qc5 19. b3 Rfc8 20. Qb2 b5 21. e3 a5 22. cxb5 Qxb5 23. Rxc8+ Rxc8 24. Rc1 Rc6 25. Rxc6 Qxc6+ 26. Kg1 Qd5 27. Qd4 Qf5 28. Qa4 Kg7 29. a3 h5 30. h4 Qb1+ 31. Kg2 Qf5 32. b4 Qd5+ 33. Kg1 axb4 34. axb4 Qc4 35. Qa5 Qc1+ 36. Kg2 Qc6+ 37. Kh2 Qc2 38. Kg1 Qc1+ 39. Kg2 Qc6+ 40. Kg1 Qc1+ 1/2-1/2

[Event "Hungarian Rapid-ch 2022"]
[Site "Ajka"]
[Date "2022.07.16"]
[Round "5.13"]
[White "Czebe, Attila"]
[Black "Gombocz, Ferenc Jr."]
[Result "1-0"]
[ECO "A36"]
[WhiteElo "2385"]
[BlackElo "2229"]
[Annotator "ChessBase"]
[PlyCount "71"]
[EventDate "2022.07.15"]
[EventType "swiss"]
[EventCountry "HUN"]
[SourceTitle "playchess.com"]
[Source "ChessBase"]
[SourceQuality "1"]
[TimeControl "900+10"]

1. c4 c5 2. Nc3 Nc6 3. g3 g6 4. Bg2 Bg7 5. e3 e5 6. Nge2 Nge7 7. O-O O-O 8. a3 a6 9. b4 d6 10. Rb1 Rb8 11. bxc5 dxc5 12. Nd5 Nxd5 13. cxd5 Ne7 14. e4 b5 15. d3 Qd6 16. f4 f6 17. fxe5 fxe5 18. Rxf8+ Bxf8 19. Bg5 h6 20. Be3 c4 21. dxc4 bxc4 22. Rxb8 Qxb8 23. d6 Be6 24. dxe7 Bxe7 25. Nc3 Bxa3 26. Bf1 Bb2 27. Nd5 c3 28. Bxa6 Kg7 29. Bd3 Qc8 30. Qc2 Qc6 31. Qf2 Bxd5 32. exd5 Qxd5 33. Bc2 Ba3 34. Qg2 Qd7 35. Qe4 Qd6 36. Qb7+ 1-0

[Event "Hungarian Rapid-ch 2022"]
[Site "Ajka"]
[Date "2022.07.16"]
[Round "5.14"]
[White "Meszaros, Tamas"]
[Black "Kassay, Krisztian"]
[Result "1/2-1/2"]
[ECO "B07"]
[WhiteElo "2368"]
[BlackElo "2157"]
[Annotator "ChessBase"]
[PlyCount "72"]
[EventDate "2022.07.15"]
[EventType "swiss"]
[EventCountry "HUN"]
[SourceTitle "playchess.com"]
[Source "ChessBase"]
[SourceQuality "1"]
[TimeControl "900+10"]

1. e4 d6 2. d4 Nf6 3. Nc3 Nbd7 4. Nf3 e5 5. Bc4 Be7 6. O-O O-O 7. a4 a5 8. h3 c6 9. Re1 Qc7 10. Bg5 Re8 11. Qd2 Nf8 12. Rad1 Ng6 13. Nh4 Nxh4 14. Bxh4 Nh5 15. Bxe7 Qxe7 16. Bf1 Nf4 17. Kh2 h5 18. g3 Ng6 19. h4 Nxh4 20. gxh4 Qxh4+ 21. Kg1 Re6 22. Re3 exd4 23. Qxd4 Rg6+ 24. Bg2 Bh3 25. Rg3 Rxg3 26. fxg3 Qxg3 27. Qf2 Qg5 28. Kh2 Bg4 29. Rxd6 Re8 30. Rd3 Re6 31. Bh3 Rf6 32. Qg3 Qc1 33. Rd8+ Kh7 34. Bxg4 hxg4 35. Qd3 Rf2+ 36. Kg3 Qf4+ 1/2-1/2

[Event "Hungarian Rapid-ch 2022"]
[Site "Ajka"]
[Date "2022.07.16"]
[Round "5.15"]
[White "Csonka, Balazs"]
[Black "Gelle, Istvan"]
[Result "1-0"]
[ECO "D15"]
[WhiteElo "2495"]
[BlackElo "2218"]
[Annotator "ChessBase"]
[PlyCount "121"]
[EventDate "2022.07.15"]
[EventType "swiss"]
[EventCountry "HUN"]
[SourceTitle "playchess.com"]
[Source "ChessBase"]
[SourceQuality "1"]
[TimeControl "900+10"]

1. d4 d5 2. Nf3 c6 3. c4 Nf6 4. Nc3 a6 5. Qc2 g6 6. e4 dxe4 7. Nxe4 Bg7 8. Be2 O-O 9. O-O Nbd7 10. Rd1 Qc7 11. Bg5 h6 12. Bh4 Re8 13. Bg3 Qa5 14. Ned2 Nh5 15. c5 Nxg3 16. hxg3 Qc7 17. Bc4 b5 18. Bb3 Nf8 19. Re1 Be6 20. Bxe6 Nxe6 21. Rxe6 fxe6 22. Qxg6 Rf8 23. Ne4 Rf6 24. Nxf6+ exf6 25. Re1 Qd7 26. Qe4 Kf7 27. g4 Qd5 28. Qxd5 exd5 29. Nh4 Re8 30. Rxe8 Kxe8 31. f3 Kf7 32. Kf2 Bf8 33. Ke3 Ke6 34. b4 Be7 35. Kf4 Bd8 36. Nf5 Bc7+ 37. Ke3 a5 38. bxa5 Bxa5 39. Nxh6 Bc3 40. Kd3 Bb2 41. Nf5 Bc1 42. Kc2 Bf4 43. Kb3 Bd2 44. a4 bxa4+ 45. Kxa4 Kf7 46. Kb3 Ke6 47. Kc2 Bf4 48. Kd3 Bc1 49. Ne3 Bb2 50. Nc2 Kd7 51. f4 Bc1 52. g3 Ke6 53. Ne1 Bb2 54. Nf3 Bc1 55. Nd2 Bb2 56. Nb3 Kd7 57. Kc2 Ba3 58. Nc1 Bb4 59. Nd3 Ba5 60. g5 fxg5 61. Ne5+ 1-0

[Event "Hungarian Rapid-ch 2022"]
[Site "Ajka"]
[Date "2022.07.16"]
[Round "5.16"]
[White "Molnar, Aurel Jr."]
[Black "Csiszar, Csaba"]
[Result "0-1"]
[ECO "B32"]
[WhiteElo "2014"]
[BlackElo "2389"]
[Annotator "ChessBase"]
[PlyCount "66"]
[EventDate "2022.07.15"]
[EventType "swiss"]
[EventCountry "HUN"]
[SourceTitle "playchess.com"]
[Source "ChessBase"]
[SourceQuality "1"]
[TimeControl "900+10"]

1. e4 c5 2. Nf3 Nc6 3. d4 cxd4 4. Nxd4 e5 5. Nb5 d6 6. N1c3 a6 7. Na3 b5 8. Nd5 Nge7 9. c4 Nxd5 10. exd5 Nd4 11. cxb5 g6 12. Be3 Bg7 13. Bd3 O-O 14. O-O Nf5 15. Bxf5 Bxf5 16. b6 Bd7 17. Rc1 f5 18. f3 f4 19. Bf2 e4 20. Bd4 exf3 21. Rxf3 Bg4 22. Rc7 Bf6 23. Nc4 Bxf3 24. gxf3 Re8 25. Qd2 Bxd4+ 26. Qxd4 Re1+ 27. Kg2 Qg5+ 28. Kh3 Qh6+ 29. Kg2 Rae8 30. b7 R8e2+ 31. Qf2 Rxf2+ 32. Kxf2 Qh4+ 33. Kg2 Re2+ 0-1

[Event "Hungarian Rapid-ch 2022"]
[Site "Ajka"]
[Date "2022.07.16"]
[Round "5.17"]
[White "Kelemen, David"]
[Black "Leviczky, Tibor"]
[Result "1/2-1/2"]
[ECO "B43"]
[WhiteElo "2136"]
[BlackElo "2281"]
[Annotator "ChessBase"]
[PlyCount "96"]
[EventDate "2022.07.15"]
[EventType "swiss"]
[EventCountry "HUN"]
[SourceTitle "playchess.com"]
[Source "ChessBase"]
[SourceQuality "1"]
[TimeControl "900+10"]

1. e4 c5 2. Nf3 e6 3. Nc3 a6 4. d4 cxd4 5. Nxd4 Qc7 6. Bd3 Nf6 7. Bd2 d6 8. O-O Nbd7 9. Kh1 Be7 10. Qe2 b5 11. f4 Bb7 12. Rae1 Nc5 13. b4 Nxd3 14. cxd3 O-O 15. Rc1 Qd8 16. a4 bxa4 17. Nxa4 Rc8 18. Be3 Nd7 19. Qb2 Bf6 20. Qb3 Qe7 21. g4 Bxd4 22. Bxd4 e5 23. Bb2 d5 24. Nc3 dxe4 25. dxe4 exf4 26. Rce1 Nb6 27. Rxf4 Nc4 28. Ba1 Qe6 29. Qd1 Rfd8 30. Qf3 Ne5 31. Qe3 Nd3 32. Ref1 Nxf4 33. Qxf4 f6 34. Re1 Rd3 35. Na4 Qd6 36. Qxd6 Rxd6 37. Nc5 Ba8 38. Kg2 a5 39. Bc3 axb4 40. Bxb4 Rd4 41. Ba3 Rc4 42. Rd1 Bxe4+ 43. Nxe4 Rxe4 44. Kf3 Ra4 45. Rd3 Re8 46. h4 h5 47. g5 Rxh4 48. gxf6 Rh3+ 1/2-1/2

[Event "Hungarian Rapid-ch 2022"]
[Site "Ajka"]
[Date "2022.07.16"]
[Round "5.18"]
[White "Laszlo, Csaba"]
[Black "Krstulovic, Alex"]
[Result "0-1"]
[ECO "B02"]
[WhiteElo "1957"]
[BlackElo "2413"]
[Annotator "ChessBase"]
[PlyCount "118"]
[EventDate "2022.07.15"]
[EventType "swiss"]
[EventCountry "HUN"]
[SourceTitle "playchess.com"]
[Source "ChessBase"]
[SourceQuality "1"]
[TimeControl "900+10"]

1. e4 Nf6 2. e5 Ng8 3. Nf3 d6 4. d4 Bg4 5. Be2 e6 6. O-O dxe5 7. dxe5 Nc6 8. h3 Qxd1 9. Rxd1 Bf5 10. c3 Nge7 11. Bf4 h6 12. Nd4 Nxd4 13. Rxd4 g5 14. Bg3 a6 15. Bf3 Bxb1 16. Rxb1 Rb8 17. Rbd1 Nf5 18. Rd7 Nxg3 19. fxg3 Bd6 20. R7xd6 cxd6 21. Rxd6 Ke7 22. c4 Rhc8 23. b3 Rc5 24. Rb6 Rxe5 25. b4 Kd7 26. c5 Kc7 27. Bh5 Re1+ 28. Kh2 Rf1 29. Bf3 Rf2 30. a4 Ra2 31. a5 Rb2 32. g4 Rb1 33. Be4 Rc1 34. Bf3 Rc2 35. Be4 Rc4 36. Bf3 e5 37. Bd5 Rd4 38. Bxf7 Rf8 39. Bb3 Re8 40. Ba4 Re7 41. c6 bxc6 42. Rxc6+ Kb7 43. Rb6+ Ka7 44. Rxh6 e4 45. Bc6 e3 46. Bf3 e2 47. Bxe2 Rxe2 48. Rh7+ Kb8 49. Rh6 Kb7 50. Rh7+ Kc6 51. Ra7 Kb5 52. Rb7+ Ka4 53. Rb6 Rxb4 54. Rxa6 Rbb2 55. Rb6 Rxg2+ 56. Kh1 Rxb6 57. axb6 Rb2 58. b7 Rxb7 59. Kg2 Rh7 0-1

[Event "Hungarian Rapid-ch 2022"]
[Site "Ajka"]
[Date "2022.07.16"]
[Round "5.19"]
[White "Lazarne Vajda, Szidonia"]
[Black "Benedek, Istvan"]
[Result "1/2-1/2"]
[ECO "B40"]
[WhiteElo "2313"]
[BlackElo "2059"]
[Annotator "ChessBase"]
[PlyCount "192"]
[EventDate "2022.07.15"]
[EventType "swiss"]
[EventCountry "HUN"]
[SourceTitle "playchess.com"]
[Source "ChessBase"]
[SourceQuality "1"]
[TimeControl "900+10"]

1. e4 c5 2. Nf3 e6 3. c3 Nf6 4. e5 Nd5 5. d4 cxd4 6. cxd4 b6 7. Nc3 Nxc3 8. bxc3 Bb7 9. Bd3 Qc7 10. Bd2 d6 11. O-O Nd7 12. Re1 dxe5 13. Nxe5 Nxe5 14. Rxe5 Bd6 15. Bb5+ Kf8 16. Rh5 Bf4 17. Rh3 g6 18. Qc1 Bxd2 19. Qxd2 h5 20. Re1 Kg7 21. Bd3 Rac8 22. Bb1 Qd6 23. Qg5 Qd8 24. Qe5+ Qf6 25. f4 Rc4 26. Ree3 Bd5 27. Bc2 Rc6 28. Bb3 Qxe5 29. fxe5 Rd8 30. Re1 b5 31. Rhe3 Bxb3 32. axb3 b4 33. cxb4 Rxd4 34. Ra1 a6 35. Ra4 Rb6 36. b5 Rd1+ 37. Kf2 Rxb5 38. Rxa6 Rdd5 39. Ra7 Rxe5 40. Rxe5 Rxe5 41. Rb7 Ra5 42. b4 Ra3 43. b5 Rb3 44. b6 e5 45. Rb8 Kf6 46. Ke2 e4 47. Kd2 e3+ 48. Ke2 h4 49. b7 g5 50. Re8 Rxb7 51. Rxe3 g4 52. Ra3 Rb2+ 53. Kf1 Kg5 54. Ra4 f5 55. Rc4 h3 56. gxh3 gxh3 57. Kg1 f4 58. Rc3 Kg4 59. Rc4 Rg2+ 60. Kh1 Re2 61. Kg1 Kf3 62. Rc3+ Re3 63. Rc1 Ke2 64. Ra1 Rd3 65. Ra2+ Ke3 66. Ra1 f3 67. Kf1 Ke4 68. Ra4+ Rd4 69. Ra1 Kf4 70. Rb1 Rd2 71. Rb4+ Ke3 72. Rb3+ Rd3 73. Rb1 Rd2 74. Rb3+ Kf4 75. Rb4+ Ke5 76. Rb3 Ke4 77. Rb4+ Ke3 78. Rb3+ Rd3 79. Rb1 Ra3 80. Rc1 Ra2 81. Rc3+ Ke4 82. Kg1 Rg2+ 83. Kh1 Re2 84. Kg1 Re3 85. Rc4+ Kd3 86. Ra4 Re4 87. Ra3+ Ke2 88. Ra2+ Ke3 89. Ra3+ Kf4 90. Ra1 Rd4 91. Rb1 Ke3 92. Rb3+ Rd3 93. Rb1 f2+ 94. Kf1 Kf3 95. Rb3 Re3 96. Rxe3+ Kxe3 1/2-1/2

[Event "Hungarian Rapid-ch 2022"]
[Site "Ajka"]
[Date "2022.07.16"]
[Round "5.20"]
[White "Egresi, Mate"]
[Black "Marton, Jozsef"]
[Result "1-0"]
[ECO "D37"]
[WhiteElo "2376"]
[BlackElo "2059"]
[Annotator "ChessBase"]
[PlyCount "109"]
[EventDate "2022.07.15"]
[EventType "swiss"]
[EventCountry "HUN"]
[SourceTitle "playchess.com"]
[Source "ChessBase"]
[SourceQuality "1"]
[TimeControl "900+10"]

1. d4 d5 2. c4 e6 3. Nf3 Nf6 4. Nc3 Be7 5. Bf4 O-O 6. Qc2 c5 7. dxc5 Bxc5 8. e3 Nc6 9. a3 Be7 10. Rd1 Qa5 11. Be2 dxc4 12. Bxc4 e5 13. Bg3 Bg4 14. O-O h6 15. Nd5 Nxd5 16. Rxd5 Qb6 17. Rb5 Qd8 18. Nxe5 Nxe5 19. Bxe5 Qc8 20. Qb3 b6 21. Bd5 Be6 22. Bxe6 Qxe6 23. Qxe6 fxe6 24. Rb3 Rfd8 25. Rc3 Rac8 26. Rfc1 Rxc3 27. Bxc3 Kf7 28. Kf1 Rd7 29. Ke2 Bf6 30. Bxf6 Kxf6 31. e4 g5 32. Ke3 Ke5 33. f3 Kf6 34. g3 Rd6 35. f4 Rd7 36. Rc6 gxf4+ 37. gxf4 Kf7 38. b4 Rd1 39. Rc7+ Kf6 40. Rxa7 Re1+ 41. Kf3 Rf1+ 42. Kg3 Rg1+ 43. Kf2 Rh1 44. Kg2 Re1 45. Rb7 Rxe4 46. Rxb6 Rxf4 47. a4 Kf5 48. a5 Rc4 49. a6 e5 50. a7 Rc2+ 51. Kf1 Ra2 52. Rb7 Kf4 53. b5 Kf3 54. Rf7+ Ke3 55. b6 1-0

[Event "Hungarian Rapid-ch 2022"]
[Site "Ajka"]
[Date "2022.07.16"]
[Round "5.21"]
[White "Kiss, Pal"]
[Black "Szalay-Ocsak, Bank"]
[Result "1/2-1/2"]
[ECO "E10"]
[WhiteElo "2243"]
[BlackElo "2146"]
[Annotator "ChessBase"]
[PlyCount "45"]
[EventDate "2022.07.15"]
[EventType "swiss"]
[EventCountry "HUN"]
[SourceTitle "playchess.com"]
[Source "ChessBase"]
[SourceQuality "1"]
[TimeControl "900+10"]

1. d4 Nf6 2. c4 e6 3. Nf3 d5 4. g3 Bb4+ 5. Bd2 a5 6. Qc2 O-O 7. Bg2 c5 8. dxc5 d4 9. O-O Nc6 10. Bg5 h6 11. Bxf6 Qxf6 12. Nbd2 Bxc5 13. Ne1 e5 14. Ne4 Qe7 15. Nd3 Nb4 16. Nxb4 axb4 17. Nxc5 Qxc5 18. Qb3 Be6 19. Bd5 Bxd5 20. cxd5 Rfd8 21. Rfc1 Qxd5 22. Qxb4 Rdc8 23. a3 1/2-1/2

[Event "Hungarian Rapid-ch 2022"]
[Site "Ajka"]
[Date "2022.07.16"]
[Round "5.22"]
[White "Jakab, Attila"]
[Black "Pap, Peter"]
[Result "1-0"]
[ECO "D30"]
[WhiteElo "2311"]
[BlackElo "2159"]
[Annotator "ChessBase"]
[PlyCount "33"]
[EventDate "2022.07.15"]
[EventType "swiss"]
[EventCountry "HUN"]
[SourceTitle "playchess.com"]
[Source "ChessBase"]
[SourceQuality "1"]
[TimeControl "900+10"]

1. d4 d5 2. c4 c6 3. Nf3 Nf6 4. e3 e6 5. Nbd2 Nbd7 6. Bd3 Bd6 7. O-O O-O 8. e4 e5 9. cxd5 cxd5 10. exd5 exd4 11. Ne4 Nb6 12. Nxf6+ gxf6 13. Nxd4 f5 14. Nxf5 Bxf5 15. Bxf5 Qh4 16. g3 Qf6 17. Qh5 1-0

[Event "Hungarian Rapid-ch 2022"]
[Site "Ajka"]
[Date "2022.07.16"]
[Round "5.23"]
[White "Seres, Bela"]
[Black "Lizak, Peter"]
[Result "0-1"]
[ECO "C15"]
[WhiteElo "2207"]
[BlackElo "2400"]
[Annotator "ChessBase"]
[PlyCount "140"]
[EventDate "2022.07.15"]
[EventType "swiss"]
[EventCountry "HUN"]
[SourceTitle "playchess.com"]
[Source "ChessBase"]
[SourceQuality "1"]
[TimeControl "900+10"]

1. e4 e6 2. d4 d5 3. Nc3 Bb4 4. exd5 exd5 5. Qf3 Ne7 6. Bd3 Nbc6 7. Nge2 Be6 8. a3 Ba5 9. Be3 Qd7 10. h3 Ng6 11. Nf4 Nxf4 12. Qxf4 Ne7 13. b4 Bb6 14. Ne2 c6 15. Qg3 Bf5 16. Bg5 Bxd3 17. Qxd3 Qf5 18. Qxf5 Nxf5 19. c3 Nd6 20. f3 a5 21. Kf2 f6 22. Bf4 Nb5 23. Ke3 Kd7 24. Kd3 Rhe8 25. a4 Rxe2 26. axb5 Rxg2 27. bxc6+ bxc6 28. bxa5 Rxa5 29. Rag1 Rxg1 30. Rxg1 g5 31. Bd2 Ke6 32. h4 gxh4 33. Rh1 Ra7 34. Rxh4 Rg7 35. Rh3 Bc7 36. Be3 Bd6 37. Bd2 Kf7 38. c4 Ke6 39. cxd5+ cxd5 40. Be3 Ra7 41. Rh5 Bf8 42. f4 f5 43. Rh1 h6 44. Ke2 Ra2+ 45. Kf3 Ra3 46. Rb1 Bg7 47. Rb6+ Kf7 48. Kf2 Ra4 49. Kf3 h5 50. Rb7+ Kg6 51. Rb6+ Bf6 52. Bf2 Kf7 53. Rb7+ Ke8 54. Rh7 Ra3+ 55. Kg2 Ra2 56. Kf3 h4 57. Bxh4 Rh2 58. Kg3 Rh1 59. Rh6 Bxd4 60. Rd6 Rd1 61. Bf6 Bc5 62. Rc6 Bb4 63. Be5 Rd3+ 64. Kh4 Be7+ 65. Kh5 Kf7 66. Rc3 Rxc3 67. Bxc3 Bf6 68. Bd2 d4 69. Kh6 d3 70. Kh5 Ke6 0-1

[Event "Hungarian Rapid-ch 2022"]
[Site "Ajka"]
[Date "2022.07.16"]
[Round "5.24"]
[White "Gaal, Zsoka"]
[Black "Hoang, Thanh Trang"]
[Result "0-1"]
[ECO "A04"]
[WhiteElo "2313"]
[BlackElo "2376"]
[Annotator "ChessBase"]
[PlyCount "72"]
[EventDate "2022.07.15"]
[EventType "swiss"]
[EventCountry "HUN"]
[SourceTitle "playchess.com"]
[Source "ChessBase"]
[SourceQuality "1"]
[TimeControl "900+10"]

1. Nf3 f5 2. g3 Nf6 3. Bg2 e6 4. O-O d5 5. c4 Bd6 6. d3 O-O 7. Nc3 dxc4 8. dxc4 Nc6 9. Nb5 e5 10. Nxd6 cxd6 11. b3 Qc7 12. Ba3 Rd8 13. Bb2 h6 14. Rc1 Be6 15. Qc2 Rac8 16. Rfd1 Qf7 17. Qb1 Qh5 18. c5 dxc5 19. Rxc5 e4 20. Nd4 Nxd4 21. Bxd4 Qxe2 22. Re1 Qa6 23. Rxc8 Bxc8 24. Qb2 Kf7 25. Rc1 Be6 26. a3 Qb5 27. b4 b6 28. Bf1 Qd5 29. Be5 Ne8 30. Bc4 Qxc4 31. Rxc4 Rd1+ 32. Kg2 Bxc4 33. h3 Bd5 34. Qc2 e3+ 35. f3 Rd2+ 36. Qxd2 exd2 0-1

[Event "Hungarian Rapid-ch 2022"]
[Site "Ajka"]
[Date "2022.07.16"]
[Round "5.25"]
[White "Straubinger, Daniel"]
[Black "Nemeth, Zalan"]
[Result "1-0"]
[ECO "B33"]
[WhiteElo "2349"]
[BlackElo "2194"]
[Annotator "ChessBase"]
[PlyCount "77"]
[EventDate "2022.07.15"]
[EventType "swiss"]
[EventCountry "HUN"]
[SourceTitle "playchess.com"]
[Source "ChessBase"]
[SourceQuality "1"]
[TimeControl "900+10"]

1. e4 c5 2. Nf3 Nc6 3. d4 cxd4 4. Nxd4 Nf6 5. Nc3 e6 6. Ndb5 Bc5 7. Bf4 O-O 8. Bc7 Qe7 9. Bd6 Bxd6 10. Qxd6 Qd8 11. O-O-O a6 12. Nd4 Ne7 13. h4 b5 14. h5 b4 15. Qxb4 e5 16. Nf3 Nc6 17. Qc5 Ng4 18. Rd2 Bb7 19. Rh4 Nh6 20. Rh3 Rc8 21. Nxe5 d6 22. Nxc6 Rxc6 23. Qd4 f5 24. e5 f4 25. Bc4+ Kh8 26. Bd5 dxe5 27. Qa7 Rxc3 28. Rxc3 Bxd5 29. Qc5 Qf6 30. Qxd5 Nf5 31. Rc6 Qh4 32. Qxe5 Qxh5 33. b4 h6 34. Qc5 Rf7 35. Kb2 Qg4 36. Rc7 Rf6 37. Rc6 Rf7 38. Qc4 Rf8 39. Rc8 1-0

[Event "Hungarian Rapid-ch 2022"]
[Site "Ajka"]
[Date "2022.07.16"]
[Round "5.26"]
[White "Tancsa, Tamas"]
[Black "Emodi, Barnabas"]
[Result "0-1"]
[ECO "B12"]
[WhiteElo "2103"]
[BlackElo "2341"]
[Annotator "ChessBase"]
[PlyCount "46"]
[EventDate "2022.07.15"]
[EventType "swiss"]
[EventCountry "HUN"]
[SourceTitle "playchess.com"]
[Source "ChessBase"]
[SourceQuality "1"]
[TimeControl "900+10"]

1. e4 c6 2. d4 d5 3. e5 g6 4. f4 Qb6 5. c4 dxc4 6. Nc3 Be6 7. Nf3 Bd5 8. Be2 Nh6 9. O-O Nd7 10. Qa4 Nf5 11. Bxc4 Bxf3 12. Rxf3 e6 13. Ne2 Nxd4 14. Nxd4 Qxd4+ 15. Be3 Nb6 16. Qb3 Qxc4 17. Bxb6 Bc5+ 18. Bxc5 Qxc5+ 19. Kf1 O-O-O 20. Rc3 Qd4 21. g3 Qe4 22. Kg1 Rd2 23. Rf3 Qe2 0-1

[Event "Hungarian Rapid-ch 2022"]
[Site "Ajka"]
[Date "2022.07.16"]
[Round "5.27"]
[White "Pogany, Zsombor"]
[Black "Lakos, Nikoletta"]
[Result "1-0"]
[ECO "C41"]
[WhiteElo "2178"]
[BlackElo "2203"]
[Annotator "ChessBase"]
[PlyCount "58"]
[EventDate "2022.07.15"]
[EventType "swiss"]
[EventCountry "HUN"]
[SourceTitle "playchess.com"]
[Source "ChessBase"]
[SourceQuality "1"]
[TimeControl "900+10"]

1. e4 d6 2. d4 Nf6 3. Nc3 e5 4. Nf3 Nbd7 5. a4 Be7 6. h3 exd4 7. Nxd4 Nc5 8. Qf3 O-O 9. Bf4 Ne6 10. Nxe6 fxe6 11. Bd2 d5 12. Qe2 Bc5 13. O-O-O Nxe4 14. Nxe4 dxe4 15. Be3 Qe7 16. Qc4 Bxe3+ 17. fxe3 Kh8 18. Qxe4 e5 19. g4 Bd7 20. Bd3 g6 21. Rhf1 Bc6 22. Qc4 Rad8 23. Be4 Rxf1 24. Rxf1 Bxe4 25. Qxe4 c6 26. h4 Rd5 27. h5 Kg7 28. hxg6 hxg6 29. Qf3 e4 1-0

[Event "Hungarian Rapid-ch 2022"]
[Site "Ajka"]
[Date "2022.07.16"]
[Round "5.29"]
[White "Martini, Balazs"]
[Black "Giang, Tran Nam"]
[Result "0-1"]
[ECO "D00"]
[WhiteElo "2348"]
[BlackElo "2144"]
[Annotator "ChessBase"]
[PlyCount "85"]
[EventDate "2022.07.15"]
[EventType "swiss"]
[EventCountry "HUN"]
[SourceTitle "playchess.com"]
[Source "ChessBase"]
[SourceQuality "1"]
[TimeControl "900+10"]

1. d4 d5 2. Bf4 Nf6 3. e3 c5 4. c3 Nc6 5. Nd2 Bf5 6. Qb3 Qc8 7. Ngf3 c4 8. Qd1 e6 9. h3 h6 10. Be2 Be7 11. a4 O-O 12. O-O b6 13. Re1 a6 14. Ne5 Nxe5 15. Bxe5 Rd8 16. Bf3 b5 17. e4 dxe4 18. Bxf6 Bxf6 19. Nxe4 Bxe4 20. Bxe4 Rb8 21. axb5 axb5 22. Qh5 Qc7 23. Ra2 b4 24. Qf3 bxc3 25. bxc3 Rd7 26. Bc2 Rd5 27. Rea1 Rdb5 28. Ra7 R5b7 29. R7a6 Rb2 30. Qe4 g6 31. Rc6 Qd7 32. Raa6 Bg7 33. g3 e5 34. Kg2 exd4 35. Rd6 Qb7 36. Qxb7 R8xb7 37. Be4 Re7 38. Rd8+ Kh7 39. Kf3 d3 40. Rc6 f5 41. Bd5 Bxc3 42. Rxc4 Be1 43. Kg2 0-1

[Event "Hungarian Rapid-ch 2022"]
[Site "Ajka"]
[Date "2022.07.16"]
[Round "5.30"]
[White "Horvath, Kristof"]
[Black "Dobos, Jozsef"]
[Result "1-0"]
[ECO "B01"]
[WhiteElo "2053"]
[BlackElo "2244"]
[Annotator "ChessBase"]
[PlyCount "45"]
[EventDate "2022.07.15"]
[EventType "swiss"]
[EventCountry "HUN"]
[SourceTitle "playchess.com"]
[Source "ChessBase"]
[SourceQuality "1"]
[TimeControl "900+10"]

1. e4 d5 2. exd5 Nf6 3. d4 Bg4 4. Nf3 Qxd5 5. Be2 e6 6. c4 Qd7 7. Nc3 Nc6 8. d5 exd5 9. cxd5 Bxf3 10. Bxf3 Ne5 11. Be2 Bb4 12. Qd4 Nc6 13. Qe3+ Ne7 14. O-O O-O 15. Qg3 Bxc3 16. bxc3 Nfxd5 17. c4 Nf6 18. Bb2 Ng6 19. Rad1 Qf5 20. Bd3 Qf4 21. Bxf6 Qxf6 22. Qxc7 b6 23. Rfe1 1-0

[Event "Hungarian Rapid-ch 2022"]
[Site "Ajka"]
[Date "2022.07.16"]
[Round "6.1"]
[White "Prohaszka, Peter"]
[Black "Berkes, Ferenc"]
[Result "1/2-1/2"]
[ECO "A06"]
[WhiteElo "2570"]
[BlackElo "2649"]
[Annotator "ChessBase"]
[PlyCount "82"]
[EventDate "2022.07.15"]
[EventType "swiss"]
[EventCountry "HUN"]
[SourceTitle "playchess.com"]
[Source "ChessBase"]
[SourceQuality "1"]
[TimeControl "900+10"]

1. Nf3 d5 2. e3 g6 3. c4 Nf6 4. b3 Bg7 5. Bb2 O-O 6. Nc3 dxc4 7. bxc4 c5 8. Be2 Nc6 9. O-O Bf5 10. d3 Nd7 11. Qb3 Qb6 12. Rfd1 Rad8 13. h3 Qxb3 14. axb3 Ndb8 15. Na4 Bxb2 16. Nxb2 Na6 17. Na4 Kg7 18. g4 Bc8 19. d4 cxd4 20. exd4 e6 21. Nc3 b6 22. Nb5 Bb7 23. Ne5 Na5 24. Bf3 Bxf3 25. Nxf3 Rd7 26. Ne5 Re7 27. Nc6 Nxc6 28. Rxa6 Rd8 29. Kg2 Red7 30. Rda1 Nxd4 31. Nxd4 Rxd4 32. Rxa7 Rf4 33. Rb7 Rd2 34. Rf1 Rb2 35. Rxb6 Rxc4 36. Rxe6 Rxb3 37. Ra6 Rcc3 38. Rh1 Rf3 39. Ra2 Kh6 40. Rb2 Rg3+ 41. fxg3 Rxb2+ 1/2-1/2

[Event "Hungarian Rapid-ch 2022"]
[Site "Ajka"]
[Date "2022.07.16"]
[Round "6.2"]
[White "Gledura, Benjamin"]
[Black "Kozak, Adam"]
[Result "1-0"]
[ECO "E00"]
[WhiteElo "2637"]
[BlackElo "2522"]
[Annotator "ChessBase"]
[PlyCount "67"]
[EventDate "2022.07.15"]
[EventType "swiss"]
[EventCountry "HUN"]
[SourceTitle "playchess.com"]
[Source "ChessBase"]
[SourceQuality "1"]
[TimeControl "900+10"]

1. d4 Nf6 2. c4 e6 3. a3 d5 4. cxd5 exd5 5. Nc3 c6 6. Bf4 Bd6 7. Bxd6 Qxd6 8. e3 Bf5 9. Qf3 Bg6 10. h4 h6 11. Nge2 Nbd7 12. Nf4 Bh7 13. Bd3 Bxd3 14. Nxd3 O-O-O 15. b4 Kb8 16. Rb1 Ka8 17. Nc5 Nxc5 18. bxc5 Qc7 19. O-O Rde8 20. Na4 Ne4 21. Rb2 Re7 22. Rfb1 Qa5 23. Qd1 f5 24. Rb4 Kb8 25. Qe1 Qa6 26. R1b3 Rf8 27. Nb2 f4 28. Ra4 fxe3 29. Qxe3 Qb5 30. Rxb5 cxb5 31. Rb4 Rxf2 32. Nd3 Rf6 33. Rxb5 Kc8 34. Ne5 1-0

[Event "Hungarian Rapid-ch 2022"]
[Site "Ajka"]
[Date "2022.07.16"]
[Round "6.3"]
[White "Balog, Imre"]
[Black "Korpa, Bence"]
[Result "1-0"]
[ECO "B06"]
[WhiteElo "2594"]
[BlackElo "2537"]
[Annotator "ChessBase"]
[PlyCount "55"]
[EventDate "2022.07.15"]
[EventType "swiss"]
[EventCountry "HUN"]
[SourceTitle "playchess.com"]
[Source "ChessBase"]
[SourceQuality "1"]
[TimeControl "900+10"]

1. d4 g6 2. e4 Bg7 3. Nf3 d6 4. Bc4 e6 5. Qe2 a6 6. a4 b6 7. O-O Ne7 8. c3 Bb7 9. Re1 h6 10. h4 Nd7 11. Nbd2 Nf6 12. Bd3 O-O 13. Nf1 c5 14. Ng3 Ng4 15. h5 cxd4 16. cxd4 Nc6 17. Bd2 gxh5 18. Bc3 h4 19. Nh5 Bh8 20. e5 dxe5 21. dxe5 Ncxe5 22. Nxe5 Nxe5 23. Bxe5 Bxe5 24. Qxe5 Qg5 25. Qxg5+ hxg5 26. Re5 f6 27. Rxe6 Rad8 28. Bc4 1-0